 Dungeon Crawl Stone Soup version 0.31.0-32-g396128a36d (webtiles) character file.

Game seed: 10555983440202938414

50556 wingedge the Arsonist (level 13, -2/94 (114) HPs)
             Began as a Demigod Earth Elementalist on Apr 3, 2024.
             Slain by a spectral eight-headed hydra (10 damage)
             ... on level 1 of the Lair of Beasts on Apr 5, 2024.
             The game lasted 00:58:12 (22364 turns).

wingedge the Arsonist (Demigod Earth Elementalist) Turns: 22364, Time: 00:58:13

HP:   -2/94 (114)   AC: 14    Str:  8    XL:     13   Next: 85%
MP:   11/27         EV: 16    Int: 36    God:
Gold: 1170          SH:  8    Dex: 10    Spells: 18/26 levels left

rFire   + + +        a - +0 spear of Greed {vamp, rF+++ rC+++ Will- Str-5}
rCold   + + +        l - +3 buckler "Plog" {+Inv rPois Int+7 Dex-4}
rNeg    . . .        c - +2 ring mail {Will+}
rPois   +            Q - +0 helmet
rElec   .            X - +1 cloak
rCorr   .            k - +0 pair of gloves
SInv    .            u - +0 pair of boots
Will    +....        R - amulet of magic regeneration
Stlth   +            W - ring of wizardry
HPRegen 0.35/turn    F - +5 ring of evasion
MPRegen 0.60/turn

%: wizardry (x1)
@: heavily drained
A: high MP 1, forlorn, divine attributes
a: Evoke Invisibility


You were on level 1 of the Lair of Beasts.
You visited 2 branches of the dungeon, and saw 16 of its levels.
You also visited: Sewer.

You collected 1206 gold pieces.
You spent 36 gold pieces at shops.

Inventory:

Hand Weapons
 a - the +0 spear of Greed (weapon) {vamp, rF+++ rC+++ Will- Str-5}
   (You found it on level 6 of the Dungeon)

   Str-5:     It affects your strength (-5).
   rF+++:     It renders you almost immune to fire.
   rC+++:     It renders you almost immune to cold.
   Will-:     It decreases your willpower.
 b - a +3 morningstar of flaming
 M - a +1 rapier of electrocution
 P - a +3 trident of draining
Missiles
 D - a curare-tipped dart
Armour
 c - a +2 ring mail of willpower (worn)
 k - a +0 pair of gloves (worn)
 l - the +3 buckler "Plog" (worn) {+Inv rPois Int+7 Dex-4}
   (You found it on level 3 of the Dungeon)

   Int+7:     It affects your intelligence (+7).
   Dex-4:     It affects your dexterity (-4).
   rPois:     It protects you from poison +Inv: It lets you turn invisible.
 u - a +0 pair of boots (worn)
 Q - a +0 helmet (worn)
 X - a +1 cloak (worn)
Jewellery
 f - a ring of flight
 g - a +4 ring of slaying
 i - an amulet of regeneration
 s - a ring of see invisible
 F - a +5 ring of evasion (right hand)
 R - an amulet of magic regeneration (around neck)
 S - an amulet of the acrobat
 W - a ring of wizardry (left hand)
 Y - an amulet of reflection
Talismans
 h - a storm talisman
Wands
 e - a wand of polymorph (4)
 I - a wand of paralysis (9)
 K - a wand of iceblast (1)
 L - a wand of mindburst (22)
 U - a wand of flame (3)
 V - a wand of digging (7)
Scrolls
 d - 3 scrolls of brand weapon
 n - 5 scrolls of enchant weapon
 o - 6 scrolls of teleportation
 t - 2 scrolls of enchant armour
 w - 5 scrolls of fog
 y - 4 scrolls of poison
 E - a scroll of amnesia
 H - a scroll of blinking
 N - a scroll of revelation
 T - a scroll of immolation
 Z - a scroll of acquirement {unknown}
Potions
 j - 3 potions of invisibility
 m - a potion of lignification {unknown}
 p - 3 potions of ambrosia
 q - 4 potions of berserk rage
 r - a potion of degeneration {unknown}
 v - 6 potions of curing
 x - 4 potions of heal wounds
 z - a potion of mutation {unknown}
 A - 4 potions of might
 B - 3 potions of brilliance
 C - 3 potions of magic
 G - 2 potions of haste {unknown}
 J - a potion of enlightenment {unknown}
 O - a potion of cancellation {unknown}


   Skills:
 + Level 10.5 Fighting
 + Level 6.1 Armour
 + Level 7.6 Dodging
 - Level 2.0 Stealth
 + Level 7.6 Shields
 - Level 7.0 Spellcasting
 - Level 9.0 Conjurations
 + Level 11.6 Fire Magic
 - Level 5.0 Earth Magic


You had 18 spell levels left.
You knew the following spells:

 Your Spells              Type           Power      Damage    Failure   Level
a - Sandblast             Erth           96%        2d20      1%          1
b - Stone Arrow           Conj/Erth      100%       3d13      1%          3
c - Flame Wave            Conj/Fire      72%        2d16      1%          4

Your spell library contained the following spells:

 Spells                   Type           Power      Damage    Failure   Level
 Inner Flame              Hex/Fire       53%        N/A       1%          3
 Passwall                 Erth           48%        N/A       1%          3
 Hailstorm                Conj/Ice       45%        3d10      2%          3
 Brom's Barrelling Bould  Conj/Erth      58%        2d7       2%          4
 Freeze                   Ice            48%        1d6       4%          1
 Ignite Poison            Fire/Alch      53%        N/A       4%          4
 Sticky Flame             Fire/Alch      53%        2d9       4%          4
 Frozen Ramparts          Ice            24%        1d4       14%         3
 Petrify                  Alch/Erth      30%        N/A       16%         4
 Ignition                 Fire           38%        3d11      92%         8


Dungeon Overview and Level Annotations

Branches:
Dungeon (11/15)            Temple (0/1) D:6            Lair (5/5) D:10
  Swamp (0/4) Lair:2        Snake (0/4) Lair:3        Slime (0/5) Lair:4
    Orc (0/2) D:9           Sewer (visited)

Shops:
D:5 !

Annotations:
D:2 go storm


Innate Abilities, Weirdness & Mutations

You have an increased reservoir of magic. (+10% MP)
You shall have no god before yourself.
Your divine heritage dramatically boosts your attributes as you level up.


Message History

You finish channelling waves of flame.
The spectral death yak closely misses you.
You block the spectral eight-headed hydra's attack.
The spectral eight-headed hydra closely misses you.
You block the spectral eight-headed hydra's attack.
The spectral eight-headed hydra bites you but does no damage. x2
The spectral eight-headed hydra bites you!
* * * LOW HITPOINT WARNING * * *
You feel drained.
* * * LOW HITPOINT WARNING * * *
The spectral eight-headed hydra bites you!
* * * LOW HITPOINT WARNING * * *
You feel drained.
* * * LOW HITPOINT WARNING * * *
The spectral eight-headed hydra barely misses you.
Casting: Flame Wave (mildly dangerous; 1% risk of failure)
Confirm with . or Enter, or press ? or * to list all spells.
Casting: Flame Wave (mildly dangerous; 1% risk of failure)
Press: ? - help, Dir - look around, f - activate A wave of flame ripples out!
The flame wave engulfs the spectral eight-headed hydra.
The spectral eight-headed hydra is severely damaged.
The flame wave engulfs the spectral death yak!
You destroy the spectral death yak! (Press . to intensify the flame waves.)
The spectral eight-headed hydra barely misses you.
The spectral eight-headed hydra bites you but does no damage.
The spectral eight-headed hydra misses you.
The spectral eight-headed hydra bites you but does no damage.
The spectral eight-headed hydra bites you!
* * * LOW HITPOINT WARNING * * *
You feel drained.
* * * LOW HITPOINT WARNING * * *
The spectral eight-headed hydra barely misses you.
The spectral eight-headed hydra bites you.
* * * LOW HITPOINT WARNING * * *
You feel drained.
* * * LOW HITPOINT WARNING * * *
The spectral eight-headed hydra bites you!
You die...

##.#..........##P...###.##...>.#
#.#.######.######...##.###...##
#.#.P# ##.# #......####..#
#.#.## #P.# #.#####.# #.## #.#.#
##.#### #.## ### #.# #.#.#
#....###..# #####.### #.#.##
#.#..##...# #........ #....#
##......##.# #.####.##
#.#.#####.....@.#..# ##.## #.#
#.#....#####'Z'###.###...###.##
#........#.......#.#..#...##..#
#.##...####.....##....###.....#
###.#.## #.......#....###.##..#
###.P# ##.[=}.##...#.........
#P..## ..#.#?.#............#
##.#.###########...###......
#.......# #..## #.##..#


You could see a spectral eight-headed hydra.

Vanquished Creatures
  Rupert (Lair:4)
  A minotaur (Lair:2)
  A hydra (Lair:5)
  A catoblepas (Lair:5)
  The ghost of SchramBam the Basher, a novice MiFi of Trog (Lair:1)
  A two-headed ogre (D:9)
  17 death yaks
  4 skysharks
  A spectral death yak (Lair:1)
  A spectral hydra (Lair:1)
  A bog body (Lair:2)
  Pikel (D:8)
  An oklob plant (D:10)
  A black mamba (Lair:5)
  9 elephants
  2 gargoyles
  24 cane toads
  Jeremiah (Lair:1)
  5 rime drakes
  9 komodo dragons
  A troll (D:9)
  A polar bear (Lair:5)
  3 tyrant leeches (Lair:5)
  6 dream sheep
  17 blink frogs
  2 spectral black mambas (Lair:1)
  4 wyverns
  25 yaks
  A shadow (D:5)
  Eustachio (D:6)
  4 basilisks
  A steam dragon (Lair:4)
  5 vampire mosquitoes
  Menkaure (D:7)
  An acid dragon (D:9)
  13 water moccasins
  A hydra simulacrum (Lair:1)
  3 orc warriors
  A sky beast (D:6)
  2 ice beasts (D:6)
  A black bear (D:8)
  2 ogres
  5 centaurs
  A phantom (D:4)
  A kobold brigand (D:7)
  18 bullfrogs
  A scorpion (D:5)
  13 wights
  A dream sheep simulacrum (Lair:1)
  15 killer bees
  2 electric eels (Lair:2)
  3 howler monkeys
  A bombardier beetle (D:4)
  3 hounds
  A jelly (D:4)
  4 orc priests
  A gnoll bouda (Lair:1)
  2 iguanas (D:6)
  2 sleepcaps
  Jessica (D:2)
  12 orc wizards
  11 adders
  2 river rats (Sewer)
  A shadow imp (D:5)
  A white imp (D:7)
  6 ufetubi (D:6)
  3 ribbon worms (D:4)
  2 dart slugs
  31 orcs
  18 ball pythons
  8 endoplasms
  12 giant cockroaches
  9 goblins
  7 hobgoblins
  15 kobolds
  9 bats
  9 frilled lizards
  A kobold skeleton (D:3)
  19 rats
430 creatures vanquished.

Vanquished Creatures (others)
  A kobold brigand (D:7)
  3 kobolds (D:7)
4 creatures vanquished.

Grand Total: 434 creatures vanquished

Notes
Turn   | Place    | Note
-------+----------+-------------------------------------------
     0 | D:1      | wingedge the Demigod Earth Elementalist began the quest for
                  | the Orb.
     0 | D:1      | Reached XP level 1. HP: 14/14 MP: 5/5
   361 | D:1      | Reached XP level 2. HP: 20/20 MP: 5/7
  1367 | D:2      | Reached XP level 3. HP: 26/26 MP: 6/8
  1445 | D:2      | Learned a level 3 spell: Stone Arrow
  1467 | D:2      | Reached skill level 1 in Conjurations
  1527 | D:2      | Noticed Jessica
  1531 | D:2      | Killed Jessica
  1688 | D:2      | Reached XP level 4. HP: 27/33 MP: 3/10
  2407 | D:3      | Identified the +3 buckler "Plog" {+Inv rPois Int+7 Dex-4}
  2603 | D:3      | Noticed an ogre
  2608 | D:3      | Killed an ogre
  2609 | D:3      | Reached XP level 5. HP: 38/38 MP: 1/12
  2691 | D:3      | Found a runed translucent door.
  2691 | D:3      | Noticed a human
  3400 | D:4      | Reached XP level 6. HP: 46/46 MP: 5/13
  3812 | D:4      | Found a glowing drain.
  3827 | Sewer    | Entered a sewer
  3934 | Sewer    | Reached skill level 1 in Fighting
  4486 | D:4      | Reached XP level 7. HP: 53/53 MP: 11/15
  4775 | D:5      | Entered Level 5 of the Dungeon
  5117 | D:5      | Found Wupeloq's Distillery.
  5120 | D:5      | Bought a potion of curing for 36 gold pieces
  5390 | D:5      | Noticed a shadow
  5394 | D:5      | Killed a shadow
  5395 | D:5      | Reached skill level 5 in Conjurations
  5395 | D:5      | Reached skill level 5 in Earth Magic
  5560 | D:5      | Noticed a gargoyle
  5565 | D:5      | Killed a gargoyle
  5566 | D:5      | Reached skill level 5 in Spellcasting
  5566 | D:5      | Reached XP level 8. HP: 43/63 MP: 5/19
  6232 | D:6      | Noticed Eustachio
  6240 | D:6      | Killed Eustachio
  6547 | D:6      | Learned a level 4 spell: Flame Wave
  6663 | D:6      | Identified the +0 spear of Greed {vamp, rF+++ rC+++ Will-
                  | Str-5}
  6760 | D:6      | Found a staircase to the Ecumenical Temple.
  7328 | D:6      | Reached skill level 1 in Fire Magic
  7818 | D:7      | Reached skill level 5 in Fighting
  7996 | D:7      | Reached XP level 9. HP: 74/74 MP: 16/20
  8071 | D:7      | Reached skill level 2 in Fire Magic
  8372 | D:7      | Noticed Menkaure
  8492 | D:7      | Killed Menkaure
  8509 | D:7      | Reached skill level 3 in Fire Magic
  8666 | D:7      | Noticed a gargoyle
  8670 | D:7      | Killed a gargoyle
  9067 | D:8      | Noticed Pikel
  9071 | D:8      | Killed Pikel
  9072 | D:8      | Reached skill level 4 in Fire Magic
  9647 | D:9      | Noticed a two-headed ogre
  9656 | D:9      | Killed a two-headed ogre
  9657 | D:9      | Reached skill level 5 in Fire Magic
  9657 | D:9      | Reached XP level 10. HP: 83/83 MP: 11/24
  9724 | D:9      | Found a staircase to the Orcish Mines.
 10351 | D:9      | Reached skill level 6 in Fire Magic
 10728 | D:9      | Noticed a balrug
 10980 | D:10     | Entered Level 10 of the Dungeon
 11225 | D:10     | Reached skill level 7 in Fire Magic
 11485 | D:10     | Found a staircase to the Lair.
 11485 | D:10     | Noticed an oklob plant
 11490 | D:10     | Killed an oklob plant
 12508 | Lair:1   | Entered Level 1 of the Lair of Beasts
 12682 | Lair:1   | Noticed Jeremiah
 12727 | Lair:1   | Killed Jeremiah
 12884 | Lair:1   | Reached skill level 8 in Fire Magic
 13173 | Lair:1   | Reached XP level 11. HP: 89/89 MP: 11/25
 13493 | Lair:1   | Found a runed translucent gate.
 13493 | Lair:1   | Found a runed translucent gate.
 13494 | Lair:1   | Found a runed translucent gate.
 13497 | Lair:1   | Noticed SchramBam's ghost (novice MiFi)
 13623 | Lair:2   | Reached skill level 1 in Armour
 14075 | Lair:2   | Noticed a skyshark
 14090 | Lair:2   | Killed a skyshark
 14097 | Lair:2   | Noticed a death yak
 14103 | Lair:2   | Noticed a death yak
 14405 | Lair:2   | Identified the +1 ring mail of Insecurity {Int+2}
 14410 | Lair:2   | Noticed a death yak
 14411 | Lair:2   | Noticed a death yak
 14413 | Lair:2   | Noticed a death yak
 14415 | Lair:2   | Killed a death yak
 14607 | Lair:2   | Killed a death yak
 14820 | Lair:2   | Found a runed translucent door.
 15031 | Lair:2   | Noticed a minotaur
 15039 | Lair:2   | Killed a minotaur
 15040 | Lair:2   | Reached skill level 5 in Shields
 15439 | Lair:1   | Killed a death yak
 15601 | Lair:1   | Killed a death yak
 15676 | Lair:2   | Killed a death yak
 15931 | Lair:2   | Noticed a bog body
 15935 | Lair:2   | Killed a bog body
 15986 | Lair:2   | Found a staircase to the Swamp.
 16089 | Lair:3   | Found a staircase to the Snake Pit.
 16428 | Lair:3   | Noticed a death yak
 16543 | Lair:3   | Killed a death yak
 16544 | Lair:3   | Reached skill level 9 in Fire Magic
 16544 | Lair:3   | Reached XP level 12. HP: 58/100 MP: 1/26
 16984 | Lair:3   | Reached skill level 5 in Dodging
 17583 | Lair:2   | Reached skill level 10 in Fire Magic
 18617 | Lair:4   | Noticed Rupert
 18629 | Lair:4   | Killed Rupert
 19138 | Lair:4   | Identified the flux talisman of the Nine of Pentacles
                  | {Will+ Str+2 Dex-3}
 19497 | Lair:4   | Found a staircase to the Slime Pits.
 19579 | Lair:5   | Entered Level 5 of the Lair of Beasts
 19591 | Lair:5   | Reached XP level 13. HP: 111/111 MP: 13/27
 20084 | Lair:4   | Reached skill level 11 in Fire Magic
 20326 | Lair:5   | Reached skill level 10 in Fighting
 20326 | Lair:5   | Reached skill level 5 in Armour
 22361 | Lair:1   | Killed SchramBam's ghost
 22364 | Lair:1   | Slain by a spectral eight-headed hydra

Illustrated notes

Levels and vault maps discovered:
D:1:      psy_arrival_whirlpool, layout_basic, hangedman_decor_opposing,
          kennysheep_doodads, dreamdust_mushroom_princess
D:2:      minmay_roachtagon, layout_loops_ring, uniq_jessica
D:3:      layout_loops_ring, dk_yredelemnul_ordeal,
          chequers_serial_rivers_small_b, chequers_jeans
D:4:      layout_cave_pools, hellmonk_overflow_destroyed_library,
          lemuel_tele_altar, cheibrodos_sewer_entry_bend,
          kennysheep_generic_room_14
D:5:      layout_loops_cross, nicolae_dithmenos_shadow_blocks, serial_shops,
          kennysheep_mini_moat, minmay_small_thing
D:6:      layout_layer_cave, minmay_temple_entry_trees,
          kennysheep_generic_room_7, uniq_eustachio
D:7:      layout_rooms, grunt_ministairs_10, minmay_misc_feat_rows,
          lemuel_flamethrower_2, uniq_menkaure
D:8:      layout_rooms, minitemple, kennysheep_another_room, uniq_pikel
D:9:      layout_loops_ring, makhleb_altar_promises_db, orc_0_dummy
D:10:     layout_basic, dpeg_oklobed_lair
D:11:     layout_layer_cave, uniq_fannar
Lair:1:   layout_loops_ring, gammafunk_ghost_necromancy,
          dreamdust_gnoll_shepherd, uniq_jeremiah
Lair:2:   dreamdust_labyrinth, layout_chaotic_city,
          nicolae_swamp_entry_splash_gauntlet
Lair:3:   layout_hall_layers, dummy_snake_entry
Lair:4:   layout_loops_ring, dpeg_slime_entry_enclosed, uniq_rupert
Lair:5:   minmay_lair_end_frog_pond, layout_long_grid, basic_altar, minivault_11

Skill      XL: |  1  2  3  4  5  6  7  8  9 10 11 12 13 |
---------------+----------------------------------------+-----
Earth Magic    | 3 4 5 |  5.0
Conjurations   | 1 3 4 5 8 9 |  9.0
Spellcasting   | 2 3 5 7 |  7.0
Fighting       | 1 3 5 6 7 9 10 | 10.5
Dodging        | 2 4 6 7 |  7.6
Stealth        | 2 |  2.0
Shields        | 2 4 5 6 7 |  7.6
Fire Magic     | 1 5 8 9 10 11 | 11.6
Armour         | 4 6 |  6.1

Action                     |  1- 3 |  4- 6 |  7- 9 | 10-12 | 13-15 || total
---------------------------+-------+-------+-------+-------+-------++-------
  Melee: Short sword       |       |    11 |       |       |       ||    11
         Rapier            |       |       |     8 |       |       ||     8
         Spear             |       |       |       |    21 |     3 ||    24
         Morningstar       |       |       |       |     5 |       ||     5
  Throw: Throwing net      |       |       |       |     1 |       ||     1
         Dart              |       |       |       |     1 |       ||     1
   Cast: Sandblast         |    67 |    95 |    12 |    37 |       ||   211
         Stone Arrow       |       |    18 |   112 |   314 |   182 ||   626
         Flame Wave        |       |       |       |    14 |    13 ||    27
    Use: Scroll            |     1 |     2 |     4 |    16 |       ||    23
         Potion            |       |       |       |     3 |       ||     3
 Armour: Robe              |    13 |    29 |    33 |   150 |       ||   225
         Ring mail         |       |       |       |     3 |   108 ||   111
  Dodge: Dodged            |    20 |    36 |    29 |    91 |   119 ||   295
  Block: Buckler           |       |    25 |    17 |    67 |    60 ||   169
